Map: Dusk Towers

Players

LilDicky

  • Race: Terran Terran
  • League: Diamond

SteveNick - Winner!

  • Race: Zerg Zerg
  • League: Diamond

VOD

http://www.twitch.tv/tumescentpie

Description

Time

  • Played on: Dec. 10, 2015, 6:04 p.m.
  • Length: 11:32
Show
View Real Time Build Order
Export as new Build Order

LilDicky Terran 

Build Orders:  

Get SALT Encoding   

  12  0:02  SCV  
  13  0:14  SCV  
  13  0:18  Supply Depot  
  14  0:26  SCV  
  15  0:34  Refinery  
  15  0:40  SCV  
  16  0:45  Barracks  
  16  0:52  SCV  
  17  1:07  SCV  
  18  1:28  SCV  
  18  1:32  Marine  
  20  1:35  Supply Depot  
  20  1:40  Orbital Command  
  20  1:44  Factory  
  20  1:55  Marine  
  21  2:09  SCV  
  21  2:12  Command Center  
  22  2:21  SCV  
  22  2:22  Barracks Reactor  
  23  2:28  Hellion  
  25  2:33  SCV  
  26  2:45  SCV  
  27  2:55  Refinery  
  27  3:01  Command Center  
  27  3:06  Hellion x2  
  31  3:15  SCV  
  32  3:21  Starport  
  32  3:27  SCV  
  32  3:28  Orbital Command  
  33  3:38  Barracks Tech Lab  
  33  3:39  SCV  
  34  3:47  Widow Mine  
  36  3:51  SCV  
  37  4:03  SCV  
  32  4:28  Starport  
  32  4:30  Orbital Command  
  32  4:33  SCV, Barracks Tech Lab  
  32  4:35  Starport  
  32  4:37  Cloaking Field, Refinery x2  
  33  4:41  Banshee  
  37  4:45  SCV  
  37  4:50  SCV  
  40  4:52  Hellion  
  40  4:57  SCV  
  40  4:58  Hellion  
  43  5:01  Orbital Command  
  43  5:15  Banshee  
  43  5:18  SCV, Widow Mine  
  43  5:21  Widow Mine  
  49  5:22  SCV  
  52  5:29  Banshee  
  55  5:37  Orbital Command  
  55  5:54  SCV  
  56  5:58  Banshee  
  56  6:02  Command Center  
  59  6:04  SCV  
  59  6:05  SCV  
  59  6:10  Starport  
  61  6:12  Banshee, Starport  
  57  6:41  Banshee  
  56  6:49  SCV x2  
  56  6:51  Refinery  
  56  6:53  Starport Reactor  
  54  6:55  Banshee, Starport Reactor  
  54  7:04  Widow Mine x2  
  54  7:05  SCV x2  
  54  7:07  SCV  
  61  7:13  Refinery  
  61  7:16  Orbital Command  
  61  7:17  SCV x2  
  61  7:18  Liberator x2  
  61  7:19  SCV, Liberator  
  64  7:24  Engineering Bay  
  64  7:25  Command Center  
  64  7:27  Banshee  
  64  7:29  Command Center, SCV x2  
  69  7:31  SCV, Fusion Core  
  69  7:32  Widow Mine x2  
  83  7:41  SCV  
  83  7:42  SCV  
  81  7:50  Liberator  
  63  8:03  Missile Turret  
  63  8:04  Missile Turret  
  56  8:05  Missile Turret  
  59  8:14  Missile Turret  
  59  8:15  Missile Turret  
  59  8:16  Missile Turret  
  59  8:17  Missile Turret, Liberator x3  
  62  8:34  Orbital Command  
  68  8:43  SCV x3  
  71  8:55  SCV x3  
  72  8:56  Refinery  
  72  9:01  Banshee  
  72  9:02  Missile Turret  
  77  9:07  SCV  
  78  9:10  SCV x3  
  81  9:20  Banshee  
  84  9:27  Supply Depot  
  84  9:29  Liberator x2  
  84  9:33  Supply Depot  
  84  9:40  Command Center  
  84  9:44  Supply Depot  
  84  9:46  SCV  
  84  9:47  SCV  
  70  10:07  Liberator x4  
  70  10:12  Liberator  
  52  10:23  Orbital Command  
  52  10:26  Command Center  
  52  10:27  Command Center  
  65  10:37  SCV x2  
  67  10:43  Missile Turret  
  67  10:49  SCV x2  
  69  11:01  SCV  
  70  11:04  Missile Turret  
  70  11:07  SCV x2  
Show
View Real Time Build Order
Export as new Build Order

SteveNick Zerg - Winner!

Build Orders: Hatch First 

Get SALT Encoding   

  12  0:01  Drone  
  13  0:13  Overlord  
  13  0:17  Drone  
  14  0:31  Drone  
  14  0:32  Drone  
  16  0:36  Drone  
  17  0:47  Drone  
  18  0:57  Hatchery  
  18  1:00  Drone  
  18  1:06  Extractor  
  17  1:17  Drone, Spawning Pool  
  17  1:21  Drone  
  18  1:29  Drone  
  19  1:40  Drone  
  20  1:52  Hatchery  
  19  2:05  Zergling x4  
  21  2:10  Metabolic Boost  
  21  2:14  Queen  
  23  2:18  Drone  
  23  2:22  Drone  
  25  2:30  Drone  
  25  2:31  Drone x2  
  28  2:39  Overlord  
  28  2:48  Extractor  
  28  2:51  Lair, Drone  
  28  2:58  Queen  
  28  3:02  Drone  
  30  3:07  Drone x2  
  30  3:09  Drone  
  30  3:12  Drone  
  34  3:14  Drone  
  35  3:26  Drone, Roach Warren  
  35  3:27  Drone  
  35  3:30  Drone  
  35  3:32  Drone  
  38  3:35  Drone  
  39  3:44  Drone x2  
  39  3:46  Overlord  
  39  3:48  Overlord  
  41  3:59  Zergling x2  
  41  4:00  Zergling x4  
  37  4:20  Roach x3  
  37  4:21  Roach x5  
  52  4:27  Drone  
  53  4:39  Drone x3, Spire  
  53  4:44  Extractor  
  54  4:45  Extractor  
  54  4:48  Drone x2  
  54  4:49  Drone  
  56  4:56  Queen  
  56  4:59  Overlord  
  58  5:03  Glial Reconstitution  
  58  5:19  Drone x7  
  66  5:21  Drone  
  65  5:39  Overlord x2  
  65  5:40  Overlord  
  65  5:44  Extractor  
  65  5:46  Drone x2, Extractor  
  63  5:52  Spore Crawler  
  63  5:54  Overseer  
  62  6:00  Spore Crawler  
  62  6:01  Spore Crawler  
  62  6:02  Drone x10  
  70  6:05  Mutalisk  
  72  6:16  Mutalisk  
  72  6:17  Mutalisk x2  
  78  6:20  Mutalisk  
  80  6:40  Mutalisk x3  
  82  6:49  Mutalisk  
  82  6:51  Zergling x14  
  87  6:57  Zergling x2  
  87  6:58  Zergling x2  
  87  6:59  Overlord x3  
  89  7:16  Baneling Nest  
  89  7:20  Infestation Pit  
  88  7:24  Zergling x14  
  88  7:29  Drone  
  87  7:53  Zergling x4  
  87  7:54  Roach  
  87  7:55  Roach x8  
  103  8:03  Mutalisk x5  
  110  8:30  Roach  
  110  8:31  Overlord x4  
  110  8:32  Overlord  
  112  8:35  Overlord x3  
  112  8:45  Overlord x2  
  112  8:46  Overlord  
  112  8:47  Overseer  
  112  8:54  Drone  
  112  8:55  Drone x2  
  115  9:00  Hive  
  116  9:02  Drone  
  116  9:03  Drone  
  116  9:04  Drone  
  116  9:08  Drone x2  
  120  9:23  Drone  
  120  9:24  Drone x2  
  123  9:28  Roach  
  123  9:29  Roach x2  
  123  9:30  Hatchery  
  123  9:31  Drone x2  
  130  9:41  Drone x5  
  130  9:42  Drone x3  
  100  10:17  Mutalisk x7  
  100  10:18  Corruptor x2  
  100  10:19  Corruptor x3  
  117  10:25  Corruptor x2  
  112  10:43  Drone x6  
  112  10:44  Drone x6  
  112  10:46  Extractor  
  123  10:50  Extractor  
  122  11:03  Zergling x8  
Tags
 
Add a new tag
Caveats
  • Supply blocks, unpowered buildings, or Contaminate may cause inaccurate times.
  • Supply counts are checked every 10 seconds.